 Dungeon Crawl Stone Soup version 0.28.0-43-g3370ac3207 (webtiles) character file.

Game seed: 15192101309253519021

22155 nickcage the Earth Mage (level 12, -17/59 HPs)
             Began as a Gargoyle Earth Elementalist on Mar 7, 2022.
             Was a Priest of Vehumet.
             Hit by a large rock thrown by a cyclops (24 damage)
             ... on level 12 of the Dungeon.
             The game lasted 01:29:57 (19023 turns).

nickcage the Earth Mage (GrEE)                     Turns: 19023, Time: 01:29:57

Health: -17/59     AC: 20    Str: 11    XL:     12   Next: 97%
Magic:  29/34      EV: 12    Int: 22    God:    Vehumet [***...]
Gold:   866        SH:  6    Dex: 16    Spells: 1/29 levels left

rFire   . . .      SeeInvis .   x - +9 spear
rCold   + . .      Faith    .   y - +0 buckler
rNeg    + . .      Spirit   .   D - +2 steam dragon scales
rPois   ∞          Reflect  .   G - +0 hat
rElec   +          Harm     .   q - +0 cloak
rCorr   .          Rampage  .   t - +0 pair of gloves "Ihest" {rElec Dex+4}
Will    .....                   E - +2 pair of boots "Liack" {Dex+2}
Stlth   ++........              (no amulet)
HPRegen 0.19/turn               o - ring of protection from cold
MPRegen 0.24/turn               B - ring of magical power

@: no status effects
A: sickness immunity, AC +8, negative energy resistance 1, electricity
resistance, torment resistance 1, petrification resistance
a: Renounce Religion


You were on level 12 of the Dungeon.
You worshipped Vehumet.
Vehumet was most pleased with you.
You visited 2 branches of the dungeon, and saw 13 of its levels.
You also visited: Sewer.

You collected 866 gold pieces.

Inventory:

Hand Weapons
 k - a +2 scimitar of flaming
 x - a +9 spear (weapon)
Missiles
 c - 280 stones
Armour
 q - a +0 cloak (worn)
 t - the +0 pair of gloves "Ihest" (worn) {rElec Dex+4}
   (You found it on level 7 of the Dungeon)

   Dex:       It affects your dexterity (+4).
   rElec:     It insulates you from electricity.
 y - a +0 buckler (worn)
 D - +2 steam dragon scales (worn)
 E - the +2 pair of boots "Liack" (worn) {Dex+2}
   (You acquired it on level 8 of the Dungeon)

   Dex:       It affects your dexterity (+2).
 G - a +0 hat (worn)
 L - a +2 robe of resistance
Jewellery
 b - a ring of protection from cold
 d - an amulet of faith
 f - the amulet "Rorabe" {Acrobat rElec rF++}
   (You found it on level 7 of the Dungeon)

   [amulet of the acrobat]

   It increases your evasion while moving and waiting.
   rF:        It greatly protects you from fire.
   rElec:     It insulates you from electricity.
 o - a ring of protection from cold (left hand)
 B - a ring of magical power (right hand)
Wands
 s - a wand of flame (32)
 C - a wand of mindburst (14)
 I - a wand of iceblast (3)
 K - a wand of charming (5)
Scrolls
 i - a scroll of teleportation
 m - 3 scrolls of magic mapping
 w - 3 scrolls of fear
 F - 5 scrolls of identify
 M - a scroll of blinking
Potions
 a - 2 potions of resistance
 e - 2 potions of curing
 h - 3 potions of might
 j - a potion of cancellation
 l - 3 potions of berserk rage
 p - a potion of heal wounds
 r - 2 potions of magic
 z - 2 potions of flight
Miscellaneous
 u - a tin of tremorstones (2/2)


   Skills:
 - Level 0.1 Short Blades
 - Level 1.4 Staves
 - Level 2.0 Dodging
 - Level 2.6 Stealth
 - Level 8.0 Shields
 + Level 9.0 Spellcasting
 + Level 10.4 Conjurations
 - Level 0.7 Transmutations
 - Level 5.0 Fire Magic
 + Level 0.1 Air Magic
 + Level 15.7 Earth Magic
 * Level 3.7 Poison Magic


You had one spell level left.
You knew the following spells:

 Your Spells              Type           Power      Damage    Failure   Level
a - Sandblast             Erth           100%       2d20      0%          1
b - Stone Arrow           Conj/Erth      100%       3d13      1%          3
c - Petrify               Tmut/Erth      46%        N/A       2%          4
d - Leda's Liquefaction   Hex/Erth       22%        N/A       3%          4
e - Flame Wave            Conj/Fire      44%        2d10      1%          4
f - Lightning Bolt        Conj/Air       16%        1d30      7%          5
g - Mephitic Cloud        Conj/Pois/Air  31%        N/A       1%          3
h - Olgreb's Toxic Radia  Pois           26%        N/A       4%          4

Your spell library contained the following spells:

 Spells                   Type           Power      Damage    Failure   Level
 Foxfire                  Conj/Fire      100%       2x1d9     1%          1
 Shock                    Conj/Air       100%       1d9       1%          1
 Summon Small Mammal      Summ           36%        N/A       9%          1
 Passwall                 Tmut/Erth      38%        N/A       1%          2
 Static Discharge         Conj/Air       33%        N/A       1%          2
 Conjure Flame            Conj/Fire      44%        6-21      1%          3
 Inner Flame              Hex/Fire       20%        N/A       2%          3
 Irradiate                Conj/Tmut      17%        3d19      6%          5
 Spider Form              Tmut/Pois      19%        N/A       10%         3
 Ensorcelled Hibernation  Hex/Ice        18%        N/A       12%         2
 Airstrike                Air            5%         N/A       21%         4
 Call Canine Familiar     Summ           9%         N/A       24%         3
 Gell's Gravitas          Tloc           9%         N/A       24%         3
 Lesser Beckoning         Tloc           9%         N/A       24%         3
 Portal Projectile        Hex/Tloc       18%        N/A       24%         3
 Summon Guardian Golem    Hex/Summ       9%         N/A       24%         3
 Swiftness                Air            10%        N/A       24%         3
 Teleport Other           Tloc           9%         N/A       24%         3
 Anguish                  Hex/Necr       4%         N/A       63%         4
 Animate Dead             Necr           4%         N/A       63%         4
 Cause Fear               Hex            4%         N/A       63%         4
 Blade Hands              Tmut           6%         N/A       86%         5
 Dragon Form              Tmut           6%         N/A       100%        7
 Haunt                    Necr/Summ      4%         N/A       100%        7
 Discord                  Hex            4%         N/A       100%        8
 Infestation              Necr           4%         N/A       100%        8
 Maxwell's Capacitive Co  Air            5%         ∞         100%        8


Dungeon Overview and Level Annotations

Branches:
Dungeon (12/15)            Temple (1/1) D:7            Lair (0/6) D:9
    Orc (0/2) D:12          Sewer (visited)

Altars:
Ashenzari
Cheibriados
Dithmenos
Elyvilon
Fedhas
Gozag
Hepliaklqana
Kikubaaqudgha
Makhleb
Nemelex Xobeh
Okawaru
Qazlal
Ru
Sif Muna
Trog
Uskayaw
Vehumet
Wu Jian
Xom
Yredelemnul
Zin
The Shining One
Beogh

Shops:
D:6 [   D:9 [

Portals:
Trove: D:10 (give 8 potions of haste)

Annotations:
D:5 1 runed translucent door, Stoinky's ghost, novice DsAK


Innate Abilities, Weirdness & Mutations

You are immune to sickness and miasma.
Your stone body is resilient. (AC +8)
You are immune to poison.
You resist negative energy. (rN+)
You are resistant to electric shocks. (rElec)
You are resistant to unholy torment.
You are immune to petrification.


Message History

The cyclops is engulfed in noxious fumes.
There is a stone staircase leading down here.
A two-headed ogre comes into view.
It is wielding a +0 giant club and a +0 dire flail.
As you read the scroll of teleportation, it crumbles to dust.
You feel strangely unstable. The warg closely misses you.
Aiming: Stone Arrow (safe; 1% risk of failure)
Press: ? - help, Q - select action, (/) - cycle Shift-Dir - straight line, f - warg
Aim: a warg (72% to hit)
The stone arrow hits the warg!!
The warg is almost dead.
The warg barely misses you. The warg bites you.
Aiming: Stone Arrow (safe; 1% risk of failure)
Press: ? - help, Q - select action, (/) - cycle Shift-Dir - straight line, f/p - warg
Aim: a warg (almost dead, 72% to hit)
The stone arrow hits the warg!
You kill the warg!
Vehumet accepts your kill.
You feel your power returning. The manticore completely misses you.
The manticore claws you but does no damage.
You block the manticore's attack.
Casting: Stone Arrow (safe; 1% risk of failure)
Confirm with . or Enter, or press ? or * to list all spells.
Aiming: Mephitic Cloud (safe; 1% risk of failure)
Press: ? - help, Shift-Dir - straight line, f - you The ball explodes into a vile cloud!
The stinking cloud engulfs you but does no damage.
The stinking cloud engulfs the two-headed ogre but does no damage.
The stinking cloud engulfs the manticore but does no damage.
Your surroundings suddenly seem different. 2 cyclopes come into view.
The cyclops moves out of view.
The cyclops shouts!
Vehumet accepts your kill.
You feel a bit more experienced.
The cyclops throws a large rock.
The large rock hits you!!!
Ouch! That really hurt!
* * * LOW HITPOINT WARNING * * *
The cyclops throws a large rock.
The large rock hits you!!
You die...

###.........................#
######...................##
####...P............##
..########### ###.............#.#
≈≈..........#######..........####
≈≈.≈≈≈≈........# ####......###
###≈≈≈≈≈....######.........#
#≈≈≈≈≈≈..####......###.###
#≈≈≈≈≈≈C......@...## ###
###################


You could see a cyclops.

Vanquished Creatures
  Gastronok (D:8)
  2 boulder beetles
  Erolcha (D:11)
  Erica (D:9)
  A two-headed ogre (D:6)
  A deep elf pyromancer (D:6)
  An ugly thing (D:12)
  3 cyclopes
  A manticore (D:7)
  Maggie (D:7)
  3 kobold demonologists
  A komodo dragon (D:11)
  5 slime creatures (D:12)
  4 trolls
  3 shadows
  A wyvern (D:9)
  23 yaks
  3 steam dragons
  2 water moccasins
  A warg (D:12)
  2 acid dragons
  2 black bears
  2 hornet zombies
  A sky beast (D:8)
  5 orc warriors
  An ice beast (D:6)
  A necrophage (D:8)
  4 centaurs
  8 ogres
  9 kobold brigands
  Blork the orc (D:6)
  3 bullfrogs
  5 gnoll sergeants
  A water moccasin zombie (D:3)
  A wyvern zombie (D:6)
  A water moccasin skeleton (D:5)
  13 killer bees
  3 vampire bats (D:10)
  14 howler monkeys
  4 centaur zombies
  A bullfrog zombie (D:5)
  3 jellies
  2 bullfrog skeletons
  3 centaur skeletons (D:7)
  12 hounds
  20 orc priests
  3 iron imps (D:8)
  Crazy Yiuf (D:3)
  6 iguanas
  12 orc wizards
  A hell rat (Sewer)
  A killer bee zombie (D:7)
  The ghost of Icepheonix32 the Sneak, a weakling DsDe (D:7)
  2 hound skeletons (D:4)
  A howler monkey zombie (D:6)
  21 gnolls
  3 adders
  A river rat (Sewer)
  3 shadow imps
  A white imp (D:7)
  An ufetubus (D:5)
  2 adder skeletons
  5 worms
  2 dart slugs
  36 orcs
  7 bats
  3 bat skeletons (D:10)
  3 bat zombies (D:10)
  13 endoplasms
  6 giant cockroaches
  5 goblins
  3 hobgoblins
  3 jackals (D:3)
  13 kobolds
  7 quokkas
  7 ball pythons
  4 frilled lizards
  7 rats
  A butterfly (D:7)
366 creatures vanquished.

Vanquished Creatures (others)
  A fungus (D:6)
  3 plants (D:6)
4 creatures vanquished.

Grand Total: 370 creatures vanquished

Notes
Turn   | Place    | Note
-------+----------+-------------------------------------------
     0 | D:1      | nickcage the Gargoyle Earth Elementalist began the quest
                  | for the Orb.
     0 | D:1      | Reached XP level 1. HP: 10/10 MP: 3/3
   120 | D:1      | Reached XP level 2. HP: 11/15 MP: 0/5
   340 | D:1      | Reached skill level 4 in Earth Magic
   726 | D:1      | Reached XP level 3. HP: 16/19 MP: 4/6
  2010 | D:2      | Noticed a floating eye
  2012 | D:2      | Found a faded altar of an unknown god.
  2018 | D:2      | Noticed a shining eye
  2018 | D:2      | Noticed a shining eye
  2018 | D:2      | Noticed a shining eye
  2161 | D:2      | Reached XP level 4. HP: 14/24 MP: 4/7
  2547 | D:2      | Reached skill level 5 in Earth Magic
  2761 | D:3      | Reached XP level 5. HP: 28/28 MP: 3/8
  2765 | D:3      | Learned a level 3 spell: Stone Arrow
  2768 | D:3      | Reached skill level 6 in Earth Magic
  3429 | D:3      | Found a runed translucent door.
  3430 | D:3      | Noticed Crazy Yiuf
  3702 | D:3      | Reached skill level 1 in Conjurations
  4011 | D:3      | Killed Crazy Yiuf
  4012 | D:3      | Reached XP level 6. HP: 21/32 MP: 6/10
  4365 | D:4      | Reached skill level 7 in Earth Magic
  4490 | D:4      | Noticed a black bear
  4503 | D:4      | Found a glowing drain.
  4516 | Sewer    | Entered a sewer
  4897 | D:4      | Reached XP level 7. HP: 30/36 MP: 12/12
  5285 | D:4      | Reached skill level 1 in Staves
  5782 | D:5      | Entered Level 5 of the Dungeon
  5823 | D:5      | Learned a level 4 spell: Petrify
  5938 | D:5      | Identified the +1 ring mail of the Moon {rF- rC+ Str+4}
  5957 | D:5      | Reached XP level 8. HP: 31/41 MP: 3/15
  6030 | D:5      | Reached skill level 8 in Earth Magic
  6582 | D:5      | Found a runed translucent door.
  6582 | D:5      | Noticed Stoinky's ghost (novice DsAK)
  6583 | D:5      | Noticed a yak
  6592 | D:5      | Reached skill level 5 in Spellcasting
  6791 | D:5      | Found a glowing silver altar of Zin.
  6793 | D:5      | Found a basalt altar of Yredelemnul.
  7411 | D:6      | Found Vageguis's Armour Boutique.
  7440 | D:6      | Reached skill level 5 in Conjurations
  7488 | D:6      | Reached skill level 9 in Earth Magic
  7500 | D:6      | Reached XP level 9. HP: 15/45 MP: 0/18
  7702 | D:6      | Learned a level 4 spell: Leda's Liquefaction
  7736 | D:6      | Noticed Blork the orc
  7739 | D:6      | Killed Blork the orc
  8147 | D:6      | Noticed a two-headed ogre
  8197 | D:6      | Killed a two-headed ogre
  8198 | D:6      | Reached skill level 10 in Earth Magic
  8891 | D:6      | Reached skill level 11 in Earth Magic
  9289 | D:6      | Reached skill level 1 in Shields
  9289 | D:6      | Reached XP level 10. HP: 50/50 MP: 6/19
  9933 | D:6      | Reached skill level 5 in Shields
 10868 | D:7      | Found a shimmering altar of Xom.
 10956 | D:7      | Found a staircase to the Ecumenical Temple.
 10972 | Temple   | Entered the Ecumenical Temple
 11085 | Temple   | Became a worshipper of Vehumet
 11147 | D:7      | Noticed a cyclops
 11150 | D:7      | Killed a cyclops
 11231 | D:7      | Found a snail-covered altar of Cheibriados.
 11326 | D:7      | Noticed Maggie
 11337 | D:7      | Killed Maggie
 11491 | D:7      | Noticed a manticore
 11495 | D:7      | Killed a manticore
 11577 | D:7      | Noticed a deep elf pyromancer
 11678 | D:6      | Killed a deep elf pyromancer
 11679 | D:6      | Reached skill level 12 in Earth Magic
 11679 | D:6      | Reached XP level 11. HP: 7/54 MP: 19/21
 12050 | D:7      | Found a broken altar of Ashenzari.
 12386 | D:7      | Identified the amulet "Rorabe" {Acrobat rElec rF++}
 12386 | D:7      | Identified the +0 pair of gloves "Ihest" {rElec Dex+4}
 12548 | D:7      | Found a runed translucent gate.
 12548 | D:7      | Noticed Icepheonix32's ghost (weakling DsDe)
 12549 | D:7      | Found a runed translucent gate.
 12550 | D:7      | Found a runed translucent gate.
 12668 | D:7      | Identified the +0 leather armour of Voracious Music
                  | {Rampage}
 12775 | D:7      | Learned a level 4 spell: Flame Wave
 12792 | D:7      | Killed Icepheonix32's ghost
 12794 | D:7      | Reached * piety under Vehumet
 12794 | D:7      | Offered knowledge of Shock by Vehumet.
 12830 | D:7      | Identified the +0 pair of gloves "Docerabucw" {Str-5 Int+3
                  | Dex+5}
 13236 | D:8      | Found a burning altar of Makhleb.
 13237 | D:8      | Noticed Gastronok
 13251 | D:8      | Killed Gastronok
 13463 | D:8      | Reached skill level 13 in Earth Magic
 13694 | D:8      | Found a bloodstained altar of Trog.
 13742 | D:9      | Noticed a cyclops
 13943 | D:9      | Killed a cyclops
 14034 | D:9      | Found a staircase to the Lair.
 14061 | D:9      | Noticed Erica
 14268 | D:8      | Reached skill level 14 in Earth Magic
 14351 | D:8      | Learned a level 5 spell: Lightning Bolt
 14351 | D:8      | Identified a scroll of acquirement
 14351 | D:8      | Acquired the +2 pair of boots "Liack" {Dex+2}
 14378 | D:9      | Killed Erica
 14567 | D:9      | Noticed a soul eater
 14931 | D:9      | Reached ** piety under Vehumet
 14955 | D:9      | Offered knowledge of Magic Dart by Vehumet.
 14973 | D:9      | Reached XP level 12. HP: 58/59 MP: 20/23
 15057 | D:9      | Found Catacaol's Armour Shoppe.
 15104 | D:9      | Found a white marble altar of Elyvilon.
 15314 | D:10     | Entered Level 10 of the Dungeon
 15819 | D:10     | Found a portal to a secret trove of treasure.
 16113 | D:10     | Found a shadowy altar of Dithmenos.
 16285 | D:10     | Found an ancient bone altar of Kikubaaqudgha.
 16291 | D:10     | Offered knowledge of Mephitic Cloud by Vehumet.
 16296 | D:10     | Learned a level 3 spell: Mephitic Cloud
 16616 | D:11     | Reached skill level 5 in Fire Magic
 16618 | D:11     | Reached skill level 15 in Earth Magic
 16711 | D:11     | Noticed Erolcha
 16718 | D:11     | Killed Erolcha
 16739 | D:11     | Reached skill level 1 in Poison Magic
 17072 | D:11     | Reached *** piety under Vehumet
 17544 | D:11     | Noticed a boulder beetle
 17556 | D:11     | Killed a boulder beetle
 17823 | D:11     | Reached skill level 10 in Conjurations
 17825 | D:11     | Offered knowledge of Olgreb's Toxic Radiance by Vehumet.
 17957 | D:11     | Learned a level 4 spell: Olgreb's Toxic Radiance
 18620 | D:12     | Noticed a boulder beetle
 18636 | D:12     | Killed a boulder beetle
 18981 | D:12     | Found a staircase to the Orcish Mines.
 19005 | D:12     | Noticed a two-headed ogre
 19023 | D:12     | Hit by a large rock thrown by a cyclops

Illustrated notes

Levels and vault maps discovered:
D:1:      saegor_arrival_fortress, layout_loops_ring
D:2:      layout_basic, hellmonk_ecumenical_altar_watching_god,
          kennysheep_generic_room_8
D:3:      layout_basic, nrook_mini_vaults, chequers_serial_rivers_room_a,
          uniq_crazy_yiuf_cottage
D:4:      layout_gridville, gup_sewer_entry_pipe,
          nicolae_concentric_dashed_squares_wild
D:5:      layout_basic, grunt_temple_overflow_open, ebering_ghost_inner_flame,
          serial_rivers, chequers_serial_rivers_micro_a,
          chequers_serial_rivers_micro_b, chequers_serial_rivers_micro_e,
          chequers_serial_rivers_room_b, chequers_serial_rivers_micro_d,
          chequers_serial_rivers_micro_b
D:6:      lemuel_castle_with_subvaults [lemuel_castle_interior_original],
          layout_basic, serial_shops, nicolae_stop_n_shop_2, uniq_blork_the_orc
D:7:      layout_basic, ashenzari_altar_1, xom_butterflies,
          kennysheep_little_box, minmay_temple_entry_stoned_glass,
          biasface_ghost_orc_armoury, minmay_the_grid_2x2
          [minmay_the_grid_dragon_b, minmay_the_grid_paths,
          minmay_the_grid_minigrid_small,
          minmay_the_grid_prize_shrinking_boxes], uniq_maggie
D:8:      layout_basic, lightli_temple_of_fire, demons_altar, uniq_gastronok
D:9:      layout_irregular_city, mainiacjoe_overflow_chevrons, lair_entry_dummy,
          serial_shops, nicolae_shop_advertising_works
          [nicolae_subvault_shop_adworks], uniq_erica
D:10:     layout_loops_ring, general_overflow_altar, kennysheep_vampire_church,
          enter_trove_1
D:11:     layout_stronghold, uniq_erolcha
D:12:     giant_chief_lemuel, layout_loops_ring, corner_web_ring
Temple:   nicolae_temple_hex_pool

Skill      XL: |  1  2  3  4  5  6  7  8  9 10 11 12 |
---------------+-------------------------------------+-----
Earth Magic    | 4 5 6 7 9 11 12 14 15 | 15.7
Dodging        | 2 |  2.0
Conjurations   | 1 2 3 5 8 9 10 | 10.4
Spellcasting   | 3 4 6 7 9 |  9.0
Staves         | 1 |  1.4
Shields        | 1 8 |  8.0
Fire Magic     | 4 5 |  5.0
Poison Magic   | 3 |  3.7
Short Blades   | |  0.1
Stealth        | |  2.6
Transmutations | |  0.7
Air Magic      | |  0.1

Action                   |  1- 3 |  4- 6 |  7- 9 | 10-12 || total
-------------------------+-------+-------+-------+-------++-------
Melee: Dagger            |    56 |    42 |       |       ||    98
       Unarmed           |     1 |       |       |       ||     1
       Punch             |     2 |       |       |       ||     2
       Quarterstaff      |       |    22 |    49 |       ||    71
       Spear             |       |       |     7 |   185 ||   192
 Cast: Sandblast         |    36 |    65 |    33 |    31 ||   165
       Stone Arrow       |       |       |    85 |   281 ||   366
       Flame Wave        |       |       |       |    10 ||    10
       Leda's Liquefacti |       |       |       |     3 ||     3
       Mephitic Cloud    |       |       |       |     6 ||     6
       Lightning Bolt    |       |       |       |     2 ||     2
       Olgreb's Toxic Ra |       |       |       |     1 ||     1
  Use: Scroll            |       |     6 |     1 |    19 ||    26
       Potion            |       |       |       |     3 ||     3
 Stab: Sleeping          |     8 |     4 |     2 |     7 ||    21
       Confused          |       |       |       |     3 ||     3
Armor: Robe              |    22 |    29 |    28 |    11 ||    90
       Steam dragon scal |       |       |       |   154 ||   154
Dodge: Dodged            |    38 |    43 |    40 |   191 ||   312
Block: Buckler           |       |       |     2 |    96 ||    98
